 Dungeon Crawl Stone Soup version 0.25-a0-842-g81a31cfd23 (webtiles) character file.

Game seed: 7157812633595404726, levelgen mode: deterministic

67 wullow the Shield-Bearer (level 3, -4/29 HPs)
             Began as a Demonspawn Fighter on Apr 24, 2020.
             Killed from afar by an orc wizard (8 damage)
             ... with a magic dart
             ... on level 3 of the Dungeon.
             The game lasted 00:03:02 (1916 turns).

wullow the Shield-Bearer (Demonspawn Fighter)       Turns: 1916, Time: 00:03:02

Health: -4/29      AC:  6    Str: 16    XL:     3   Next: 98%
Magic:  3/3        EV:  7    Int:  9    God:
Gold:   104        SH:  9    Dex: 13    Spells: 2/2 levels left

rFire    . . .     SeeInvis .   a - +0 rapier
rCold    . . .     Gourm    .   c - +0 kite shield
rNeg     . . .     Faith    .   b - +0 scale mail
rPois    .         Spirit   .   (no helmet)
rElec    .         Reflect  .   (no cloak)
rCorr    .         Harm     .   (no gloves)
MR       .....                  (no boots)
Stlth    ..........             (no amulet)
HPRegen  0.09/turn              (no ring)
MPRegen  0.08/turn              (no ring)

@: no status effects
A: demonic guardian 1
a: no special abilities


You were on level 3 of the Dungeon.
You were hungry.

You visited 1 branch of the dungeon, and saw 3 of its levels.

You collected 104 gold pieces.

Inventory:

Hand Weapons
 a - a +0 rapier (weapon)
Missiles
 e - 56 stones (quivered)
 j - 67 sling bullets
 k - 55 arrows
Armour
 b - a +0 scale mail (worn)
 c - a +0 kite shield (worn)
Scrolls
 g - 2 scrolls of enchant armour {unknown}
 l - a scroll of amnesia {unknown}
 p - 4 scrolls of enchant weapon {unknown}
 r - 3 scrolls of identify {unknown}
 s - a scroll of random uselessness {unknown}
 t - a scroll of immolation {unknown}
 v - a scroll of magic mapping {unknown}
Potions
 d - a potion of might
 h - a potion of haste {unknown}
 i - a potion of curing {unknown}
 m - a potion of stabbing {unknown}
 n - a potion of degeneration {unknown}
 o - 2 potions of invisibility {unknown}
 q - a potion of brilliance {unknown}
 u - a potion of ambrosia {unknown}
Comestibles
 f - 2 rations
 w - 2 chunks of flesh


   Skills:
 + Level 3.3 Fighting
 * Level 2.6 Short Blades
 - Level 3.0 Armour
 * Level 3.4 Shields


You had 2 spell levels left.
You didn't know any spells.
Your spell library was empty.

Dungeon Overview and Level Annotations

Branches:
Dungeon (3/15)

Altars:


Innate Abilities, Weirdness & Mutations

A weak demonic guardian rushes to your aid.


Message History

The orc wizard hits you with a +0 dagger.
* * * LOW HITPOINT WARNING * * *
You swap places.
The orc wizard casts a spell at you.
Your iron imp seems to slow down.
Your iron imp closely misses the orc wizard.
The orc wizard hits your iron imp but does no damage.
The orc wizard is no longer moving quickly.
The orc wizard hits your iron imp but does no damage.
Things that are here:
a +0 flail; an orc corpse Your iron imp disappears in a puff of smoke!
You closely miss the orc wizard.
The orc wizard is heavily wounded.
The orc wizard hits you but does no damage.
You closely miss the orc wizard.
The orc wizard is heavily wounded.
The orc wizard casts a spell at you. The magic dart hits you!
You die...

............)..## ##
.........######.. .##
$####.<.>..# #<# .. .#
##.###....... #.##.#
#..# ####...# #..#.#
#.## ...### #...#
##.#####.##
#..####).......#
###.###.<@o....#######
...."...#)####.#
..#.##.##.##%..#
.........).o##
#.#.###.#.#......# #
.. ...#)..####..#
..#.........#
#?#...........#
###.....$.....#


You could see an orc wizard.

Vanquished Creatures
  2 oozes
  A worm (D:2)
  A dart slug (D:2)
  A leopard gecko (D:2)
  3 bats (D:1)
  7 giant cockroaches
  5 goblins (D:1)
  4 hobgoblins
  3 ball pythons
  5 frilled lizards
  8 kobolds
  7 rats
47 creatures vanquished.

Vanquished Creatures (collateral kills)
  3 orcs (D:3)
3 creatures vanquished.

Grand Total: 50 creatures vanquished

Notes
Turn   | Place    | Note
-------+----------+-------------------------------------------
     0 | D:1      | wullow the Demonspawn Fighter began the quest for the Orb.
     0 | D:1      | Reached XP level 1. HP: 18/18 MP: 1/1
   125 | D:1      | Gained mutation: A weak demonic guardian rushes to your
                  | aid. [demonic ancestry]
   125 | D:1      | Reached XP level 2. HP: 7/24 MP: 2/2
   794 | D:1      | Reached XP level 3. HP: 29/29 MP: 3/3
  1386 | D:2      | Found a faded altar of an unknown god.
  1916 | D:3      | Killed from afar by an orc wizard

Levels and vault maps discovered:
D:1:      dpeg_arrival_prison, layout_loops_ring
D:2:      layout_basic, chequers_ecumenical_altar_simple_redux,
          serial_co_window_serial, co_window_paths_a, co_window_paths_b,
          co_window_paths_b, co_window_corner_a, co_window_paths_a,
          co_window_paths_a, co_window_paths_a, co_window_of_opportunity_a,
          co_window_paths_b, co_window_unsneaky_path_a,
          co_window_of_opportunity_c, co_window_unsneaky_path_d,
          glass_columns_a, glass_columns_a
D:3:      layout_rooms, first_ration, minmay_splitting_lines, uniq_sigmund,
          uniq_grinder

Skill      XL: |  1  2  3 |
---------------+----------+-----
Short Blades   | 2 |  2.6
Shields        | 3 |  3.4
Armour         | 3 |  3.0
Fighting       | |  3.3

Action                   || total
-------------------------++-------
Melee: Rapier            ||   192
  Eat: Chunk             ||     3
Armor: Scale mail        ||    91
Dodge: Dodged            ||    54
Block: Kite shield       ||   102

Table legend:
 A = Non-vault XP
 B = Vault XP
 C = Vault XP percentage of total XP
 D = Non-vault monster count
 E = Vault monster count
 F = Vault count percentage of total count
                 A         B        C        D         E       F
            +---------+---------+-------+---------+---------+-------
      Total |      94 |       2 |   2.1 |      49 |       1 |   2.0
            +---------+---------+-------+---------+---------+-------
        D:1 |      42 |       2 |   4.5 |      25 |       1 |   3.8
        D:2 |      43 |       0 |   0.0 |      20 |       0 |   0.0
        D:3 |       9 |       0 |   0.0 |       4 |       0 |   0.0
            +---------+---------+-------+---------+---------+-------
